 Dungeon Crawl Stone Soup version 0.30-a0-618-gd6c86c23d0 (webtiles) character file.

Game seed: 9267367180174564336

2158 Leeroy the Unseen (level 9, -1/67 HPs)
             Began as a Kobold Enchanter on Jan 9, 2023.
             Slain by Duvessa
             ... wielding a +0 short sword
              (5 damage)
             ... on level 6 of the Dungeon.
             The game lasted 00:11:41 (6230 turns).

Leeroy the Unseen (Kobold Enchanter)                Turns: 6230, Time: 00:11:42

Health: -1/67      AC: 24    Str:  6    XL:     9   Next: 57%
Magic:  2/12       EV:  3    Int: 16    God:
Gold:   311        SH:  0    Dex: 25    Spells: 1/12 levels left

rFire   . . .      SeeInvis .    l - +2 short sword (protect)
rCold   . . .      Faith    .    (no shield)
rNeg    . . .      Spirit   .    (body armour currently unavailable)
rPois   +          Reflect  .    (helmet currently unavailable)
rElec   .          Harm     .    (cloak currently unavailable)
rCorr   .          Rampage  .    (gloves currently unavailable)
Will    +....      NoTele   +    (boots currently unavailable)
Stlth   +++++++                  (no amulet)
HPRegen 0.31/turn                w - +6 ring of dexterity
MPRegen 0.13/turn                r - ring of willpower

@: confusing by touch, tree-form
A: stationary, stasis, torment immunity, boosted hp, small, no large weapons,
nightstalker 3
a: no special abilities


You were on level 6 of the Dungeon.
You were a tree.
You visited 1 branch of the dungeon, and saw 6 of its levels.

You collected 311 gold pieces.

Inventory:

Hand Weapons
 a - a +1 dagger
 l - a +2 short sword of protection (weapon)
 x - a +4 quarterstaff of chaos
 z - a +0 whip of electrocution
 C - a +0 rapier
 G - a +0 scimitar
Missiles
 q - 13 poisoned darts (quivered)
Armour
 b - a +0 robe
 y - a +0 cloak (melded)
 A - a +0 robe of fire resistance (melded)
 B - a +0 helmet (melded)
 H - +0 acid dragon scales
Jewellery
 d - a ring of positive energy
 r - a ring of willpower (right branch)
 w - a +6 ring of dexterity (left branch)
 E - a +6 ring of intelligence
Wands
 n - a wand of charming (11)
 o - a wand of acid (2)
Scrolls
 e - 4 scrolls of teleportation {unknown}
 f - 10 scrolls of identify {unknown}
 g - a scroll of amnesia
 h - a scroll of immolation {unknown}
 i - a scroll of silence {unknown}
 s - 2 scrolls of enchant weapon {unknown}
 t - 2 scrolls of torment {unknown}
 u - 2 scrolls of vulnerability {unknown}
 v - 2 scrolls of fear {unknown}
 D - a scroll of poison {unknown}
 F - a scroll of butterflies {unknown}
Potions
 c - 2 potions of invisibility
 j - a potion of might {unknown}
 k - a potion of lignification
 m - 4 potions of heal wounds {unknown}
 p - a potion of mutation {unknown}


   Skills:
 - Level 1.3 Short Blades
 - Level 2.4 Dodging
 - Level 15.0 Stealth
 - Level 2.1 Spellcasting
 + Level 6.7 Hexes


You had one spell level left.
You knew the following spells:

 Your Spells              Type           Power      Damage    Failure   Level
a - Ensorcelled Hibernat  Hex/Ice        24%        N/A       8%          2
b - Confusing Touch       Hex            23%        N/A       3%          3
c - Dazzling Flash        Conj/Hex       24%        N/A       16%         3
d - Tukima's Dance        Hex            23%        N/A       3%          3

Your spell library contained the following spells:

 Spells                   Type           Power      Damage    Failure   Level
 Freeze                   Ice            4%         1d3       21%         1
 Summon Small Mammal      Summ           4%         N/A       21%         1
 Cause Fear               Hex            11%        N/A       13%         4
 Inner Flame              Hex/Fire       12%        N/A       16%         3
 Summon Guardian Golem    Hex/Summ       12%        N/A       16%         3
 Fulminant Prism          Conj/Hex       6%         3d7       45%         4
 Call Canine Familiar     Summ           1%         N/A       52%         3
 Frozen Ramparts          Ice            2%         1d1       52%         3
 Hailstorm                Conj/Ice       1%         3d3       52%         3
 Kindle Blastsparks       Fire/Tloc/Air  2%         2d10      52%         3
 Iskenderun's Mystic Bla  Conj/Tloc      1%         2d3       90%         4
 Lee's Rapid Deconstruct  Erth           0%         3d4*      99%         5
 Discord                  Hex            11%        N/A       100%        8


Dungeon Overview and Level Annotations

Branches:
Dungeon (6/15)
 Temple: D:4-7

Altars:
Hepliaklqana

Shops:
D:3 [[(

Annotations:
D:6 Duvessa


Innate Abilities, Weirdness & Mutations

You are a tree.
Your roots penetrate the ground, keeping you stationary.
You cannot be teleported.
You are immune to unholy pain and torment.
Your maximum health is greatly increased.
Your equipment is partially melded.
You are small and have problems with some larger weapons.
You are completely attuned to the shadows.


Message History

You kill Dowan!
Duvessa weeps, and shakes her weapon @at_foe@.
Duvessa goes berserk!
Duvessa rages.
Duvessa hits you with a +0 short sword!
Casting: Tukima's Dance (dangerous; 3% risk of failure)
Confirm with . or Enter, or press ? or * to list all spells.
Aiming: Tukima's Dance (dangerous; 3% risk of failure)
Press: ? - help, Shift-Dir - straight line, f - Duvessa
Aim: Duvessa, wielding a +0 short sword, wearing a +0 leather armour and quivering stones (berserk, chance to affect: 37%) Duvessa resists with some effort.
Duvessa hits you with a +0 short sword.
Casting: Tukima's Dance (dangerous; 3% risk of failure)
Confirm with . or Enter, or press ? or * to list all spells.
Aiming: Tukima's Dance (dangerous; 3% risk of failure)
Press: ? - help, Shift-Dir - straight line, f/p - Duvessa
Aim: Duvessa, wielding a +0 short sword, wearing a +0 leather armour and quivering stones (berserk, chance to affect: 37%) Duvessa resists with some effort.
Duvessa barely misses you. Duvessa completely misses you.
Okay, then.
Okay, then.
Casting: Tukima's Dance (dangerous; 3% risk of failure)
Confirm with . or Enter, or press ? or * to list all spells.
Your hands begin to glow red.
Duvessa misses you. Duvessa closely misses you.
You barely miss Duvessa. Duvessa hits you with a +0 short sword!
You hit Duvessa but do no damage. Duvessa hits you with a +0 short sword!
* * * LOW HITPOINT WARNING * * *
Duvessa hits you with a +0 short sword.
* * * LOW HITPOINT WARNING * * *
As you read the scroll labelled GIBLAPH NEXKY, it crumbles to dust.
It is a scroll of amnesia.
Really abort (and waste the scroll)?
Okay, then.
Duvessa closely misses you.
Okay, then.
It was a potion of lignification.
You turn into a tree.
Your +0 cloak melds into your body.
Your +0 helmet melds into your body.
Your +0 robe of fire resistance melds into your body.
You feel less resistant to fire.
Your roots penetrate the ground.
Duvessa hits you with a +0 short sword.
You die...

#.# #.# .. #.#
.### #.# ..#
#.# #)# #.#
#.## #.# #.e#
#.# #
###♣###[##.#
...$..))))..#
####....)######
#####.>....>
########


You could see Duvessa (berserk).

Vanquished Creatures
  Pikel (D:4)
  Maggie (D:6)
  Sigmund (D:4)
  Edmund (D:4)
  An ice beast (D:4)
  An ogre (D:6)
  2 lemures (D:3)
  A phantom (D:5)
  2 bullfrogs (D:6)
  A necrophage (D:6)
  2 scorpions
  Dowan (D:6)
  2 hounds
  A jelly (D:5)
  Crazy Yiuf (D:4)
  An orc priest (D:3)
  Ijyb (D:3)
  2 iguanas (D:5)
  3 orc wizards (D:3)
  Robin (D:3)
  8 adders
  2 shadow imps
  2 white imps
  An ufetubus (D:3)
  3 worms
  19 orcs
  6 ball pythons
  6 endoplasms
  6 giant cockroaches
  16 goblins
  9 hobgoblins
  3 jackals
  8 kobolds
  3 quokkas
  2 bats (D:3)
  3 frilled lizards
  3 rats
  A spectral orc (D:6)
128 creatures vanquished.

Vanquished Creatures (collateral kills)
  An orc priest (D:6)
1 creature vanquished.

Vanquished Creatures (others)
  A dancing weapon (D:6)
1 creature vanquished.

Grand Total: 130 creatures vanquished

Notes
Turn   | Place    | Note
-------+----------+-------------------------------------------
     0 | D:1      | Leeroy the Kobold Enchanter began the quest for the Orb.
     0 | D:1      | Reached XP level 1. HP: 10/10 MP: 3/3
   350 | D:1      | Reached XP level 2. HP: 15/15 MP: 5/5
   409 | D:1      | Learned a level 2 spell: Ensorcelled Hibernation
   435 | D:1      | Reached skill level 5 in Stealth
   937 | D:1      | Reached XP level 3. HP: 19/19 MP: 6/6
  1282 | D:2      | Learned a level 3 spell: Confusing Touch
  1399 | D:2      | Reached skill level 6 in Stealth
  1639 | D:2      | Reached XP level 4. HP: 24/24 MP: 7/7
  2351 | D:3      | Found Exiopehonk's Armour Emporium.
  2391 | D:3      | Reached skill level 7 in Stealth
  2400 | D:3      | Found Dukko's Armour Shoppe.
  2545 | D:3      | Found Jisechoi's Weapon Shoppe.
  2586 | D:3      | Reached XP level 5. HP: 28/28 MP: 8/8
  2792 | D:3      | Reached skill level 8 in Stealth
  2987 | D:3      | Reached XP level 6. HP: 15/32 MP: 5/9
  3090 | D:3      | Reached skill level 9 in Stealth
  3162 | D:3      | Noticed Ijyb
  3166 | D:3      | Killed Ijyb
  3422 | D:3      | Noticed Robin
  3426 | D:3      | Killed Robin
  3469 | D:4      | Noticed Sigmund
  3477 | D:4      | Killed Sigmund
  3478 | D:4      | Reached skill level 10 in Stealth
  3478 | D:4      | Reached XP level 7. HP: 29/36 MP: 10/10
  3652 | D:4      | Reached skill level 11 in Stealth
  3809 | D:4      | Noticed Pikel
  4581 | D:4      | Found a runed translucent door.
  4584 | D:4      | Noticed Crazy Yiuf
  4591 | D:4      | Killed Crazy Yiuf
  4592 | D:4      | Reached skill level 12 in Stealth
  4640 | D:4      | Killed Pikel
  4641 | D:4      | Reached skill level 13 in Stealth
  4641 | D:4      | Reached XP level 8. HP: 40/41 MP: 6/11
  4647 | D:4      | Learned a level 3 spell: Dazzling Flash
  4651 | D:4      | Learned a level 3 spell: Tukima's Dance
  4755 | D:4      | Noticed Edmund
  4759 | D:4      | Killed Edmund
  4760 | D:4      | Reached skill level 14 in Stealth
  4811 | D:5      | Entered Level 5 of the Dungeon
  5112 | D:5      | Reached skill level 15 in Stealth
  5112 | D:5      | Reached XP level 9. HP: 45/45 MP: 12/12
  6017 | D:6      | Found a hazy altar of Hepliaklqana.
  6064 | D:6      | Reached skill level 5 in Hexes
  6114 | D:6      | Noticed Maggie
  6118 | D:6      | Killed Maggie
  6216 | D:6      | Noticed Duvessa
  6219 | D:6      | Noticed Dowan
  6221 | D:6      | Killed Dowan
  6228 | D:6      | HP: 2/45 [Duvessa/+0 short sword (4)]
  6230 | D:6      | Slain by Duvessa

Illustrated notes

Levels and vault maps discovered:
D:1:      doesnt_arrival_eight_statues, layout_loops_corners, minmay_liquid_box,
          nicolae_titane
D:2:      wander_river, layout_basic
D:3:      layout_loops_ring, serial_shops, nicolae_shop_behind_doors,
          nicolae_shop_bloodbath_and_beyond, shop, kennysheep_generic_room_3,
          uniq_robin, uniq_ijyb
D:4:      layout_rooms, minmay_box_of_dots, uniq_pikel, uniq_edmund,
          uniq_crazy_yiuf_cottage, uniq_sigmund
D:5:      layout_loops_corners, minmay_misc_feat_enclosed,
          hangedman_abyss_or_decor_stagger
D:6:      layout_basic, nicolae_hepliaklqana_monster_ancestors, uniq_duvessa,
          uniq_maggie

Skill      XL: |  1  2  3  4  5  6  7  8  9 |
---------------+----------------------------+-----
Stealth        | 5 6 7 8 10 13 15 | 15.0
Hexes          | 6 |  6.7
Short Blades   | |  1.3
Dodging        | |  2.4
Spellcasting   | |  2.1

Action                   |  1- 3 |  4- 6 |  7- 9 || total
-------------------------+-------+-------+-------++-------
Melee: Dagger            |    73 |    76 |       ||   149
       Punch             |       |     2 |     2 ||     4
       Short sword       |       |    69 |   168 ||   237
 Cast: Ensorcelled Hiber |     2 |    10 |    12 ||    24
       Confusing Touch   |       |     1 |     3 ||     4
       Tukima's Dance    |       |       |     4 ||     4
  Use: Potion            |       |     1 |     1 ||     2
       Scroll            |       |       |     1 ||     1
 Stab: Sleeping          |    12 |    31 |    26 ||    69
       Distracted        |       |     3 |     4 ||     7
       Invisible         |       |     1 |       ||     1
       Confused          |       |       |     2 ||     2
Armor: Robe              |     4 |    24 |    28 ||    56
Dodge: Dodged            |    42 |    77 |   140 ||   259

Table legend: (Time is in decaauts)
 A = Elapsed time spent in this place.
 B = Non-inter-level travel time spent in this place.
 C = Inter-level travel time spent in this place.
 D = Time resting spent in this place.
 E = Time spent auto-exploring this place.
 F = Levels seen in this place.
 G = Mean time per level.
                   A        B        C        D        E       F      G
               +--------+--------+--------+--------+--------+-----+--------+
         Total |   6252 |   6075 |    177 |    383 |   4607 |   6 | 1042.0 |
       Dungeon |   6252 |   6075 |    177 |    383 |   4607 |   6 | 1042.0 |
               +--------+--------+--------+--------+--------+-----+--------+

Top non-repeatable levels by time:
     D:3: 1568 daAuts
     D:2: 1269 daAuts
     D:1: 1098 daAuts
     D:5: 965 daAuts
     D:4: 902 daAuts
     D:6: 448 daAuts
